 Dungeon Crawl Stone Soup version 0.16.1 (webtiles) character file.

4857 Hedron the Cleaver (level 10, -9/97 HPs)
             Began as a Hill Orc Chaos Knight on Mar 23, 2015.
             Killed by divine providence
             ... invoked by an orc priest
              (15 damage)
             ... on level 8 of the Dungeon.
             The game lasted 00:27:43 (8683 turns).

Hedron the Cleaver (Hill Orc Chaos Knight)          Turns: 8683, Time: 00:27:45

Health: -9/97      AC: 26    Str: 19      XL:     10   Next: 50%
Magic:  10/10      EV:  7    Int: 17 (19) God:    Xom [..*...]
Gold:   135        SH:  2    Dex: 12      Spells: 0 memorised, 9 levels left

rFire  . . .     SeeInvis .     a - +1 hand axe (chaos)
rCold  + . .     Clarity  .     s - +3 chain mail {rC+}
rNeg   . . .     SustAb   .     (no shield)
rPois  .         Gourm    .     b - +2 helmet {Int+3}
rElec  .         Spirit   .     w - +1 cloak
rCorr  .         Warding  .     o - +1 pair of gloves
rMut   .         Stasis   .     (no boots)
MR     .....                    (no amulet)
Stlth  ..........               (no ring)
                                (no ring)

@: drained, not resistant to hostile enchantments, extremely unstealthy
A: claws 2, large bone plates 1, rugged brown scales 1, thin metallic scales 1,
agile 1, clever 2, sense surroundings 1
a: Renounce Religion, Convert to Beogh


You were on level 8 of the Dungeon.
You worshipped Xom.
You were a toy of Xom.
You were not hungry.

You visited 1 branch of the dungeon, and saw 8 of its levels.

You collected 428 gold pieces.
You spent 293 gold pieces at shops.

Inventory:

Hand weapons
 a - a +1 hand axe of chaos (weapon)
Missiles
 e - 34 stones (quivered)
 p - 2 silver tomahawks
 r - 2 tomahawks
Armour
 b - a +2 helmet of intelligence (worn)
 o - a +1 pair of gloves (worn)
 s - a +3 chain mail of cold resistance (worn)
 w - a +1 cloak (worn)
Magical devices
 j - a wand of polymorph (24)
 y - a wand of lightning (4)
 B - a wand of digging (6)
Scrolls
 g - 5 scrolls of remove curse
 l - 2 scrolls of blinking
 m - 4 scrolls of recharging
 x - 3 scrolls of identify
Potions
 i - a potion of heal wounds
 u - a potion of magic
 z - a potion of invisibility
Books
 q - a Grand Grimoire {highlevel}

   This book is beyond your current level of understanding.

   Spells                             Type                      Level
   a - Aura of Abjuration             Summoning                    6
   b - Summon Greater Demon           Summoning                    7
   c - Malign Gateway                 Summoning/Translocation      7
   d - Summon Horrible Things         Summoning                    8
 t - a book of Fire

   Spells                             Type                      Level
   a - Ignite Poison                  Fire/Transmutation           5
   b - Fireball                       Conjuration/Fire             5
   c - Bolt of Fire                   Conjuration/Fire             6
   d - Delayed Fireball               Conjuration/Fire             7
   e - Ring of Flames                 Charms/Fire                  7
Comestibles
 c - 4 meat rations
 d - a royal jelly
 f - 2 beef jerkies
 h - 5 fruits
 k - 2 slices of pizza
 n - 3 bread rations
 A - 15 chunks of flesh


   Skills:
 - Level 11.0(10.8) Fighting
 - Level 14.3(14.0) Axes
 + Level 6.2(6.0) Armour
 - Level 0.7(0.5) Dodging


You had 9 spell levels left.
You didn't know any spells.

Dungeon Overview and Level Annotations

Branches:
Dungeon (8/15)             Temple (0/1) D:6
   Lair: D:8-11

Altars:
Ashenzari
Gozag
Kikubaaqudgha
Makhleb
Ru
Sif Muna
Xom
Yredelemnul

Shops:
D:4 [

Annotations:
D:2 Terence


Innate Abilities, Weirdness & Mutations

You have very sharp fingernails.
You are partially covered in large bone plates (AC +2, SH +2).
You are partially covered in rugged brown scales (AC +1, +3% HP).
You are partially covered in thin metallic scales (AC +2).
You are agile. (Dex +2)
Your mind is very acute. (Int +4)
You passively map a small area around you.


Message History

The puff of frost hits the elephant.
The elephant appears unharmed.
You hit the elephant!
The elephant is heavily wounded.
Your white imp gestures at the elephant.
The puff of frost hits the elephant.
You hit the elephant.
The elephant is heavily wounded.
The helpless elephant fails to defend itself.
You hit the elephant.
The elephant is heavily wounded.
You hit the orc.
You kill the orc!
Your white imp hits the elephant.
Your white imp freezes the elephant.
The helpless elephant fails to defend itself.
You hit the elephant!
The elephant is severely wounded.
The orc priest mumbles some strange prayers to Beogh against you.
Something smites you!
You die...
Xom is highly amused!

, , ....#####..#.#
# #..## *#....#
###.#...###.....##*
..................
* *
###.#..............
* ,#.#.#.(......# *
##o#)#.)(#.....## *
*, #.B.oY5.......##
..B.#.#†#@....#.##
, , ,#.).......# >,
#.......#.# ,
#.......#.#
*,...(......#
.#...###### ,
##...## * ##.. # *
*


You could see an elephant (petrified), a goliath beetle, an orc warrior, an orc
priest and a friendly white imp.

Vanquished Creatures
  Pikel (D:7)
  A wraith (D:5)
  2 yaks (D:8)
  Eustachio (D:5)
  A soldier ant (D:8)
  A necrophage (D:5)
  An ice beast (D:6)
  A black bear (D:6)
  A spider (shapeshifter) (D:8)
  A slave (D:7)
  An orc warrior (D:6)
  4 sky beasts
  A phantom (D:8)
  7 ogres
  5 centaurs
  Blork the orc (D:5)
  A scorpion (D:4)
  4 wights (D:7)
  2 goliath beetles
  3 killer bees (D:8)
  5 crimson imps
  4 hounds
  A quasit (D:8)
  A gnoll shaman (D:7)
  3 orc priests
  Natasha (thrice) (D:5)
  A sheep (D:8)
  4 worker ants
  3 orc wizards
  A killer bee zombie (D:7)
  Robin (D:2)
  8 adders
  A worker ant zombie (D:5)
  2 shadow imps
  2 giant mites
  A worm (D:6)
  4 giant geckos
  3 oozes
  15 orcs
  10 bats
  2 bat zombies (D:5)
  20 goblins
  13 hobgoblins
  6 jackals
  4 quokkas
  A ball python (D:4)
  7 giant cockroaches
  A giant cockroach zombie (D:6)
  5 giant newts
  A jackal zombie (D:5)
  9 kobolds
  11 rats
193 creatures vanquished.

Vanquished Creatures (collateral kills)
  The ghost of Gigax the Martial Artist, an experienced OpFi (D:5)
  A black bear (D:6)
  A bat zombie (D:5)
  A goblin (D:5)
  A giant newt (D:3)
  A kobold (D:6)
6 creatures vanquished.

Vanquished Creatures (others)
  2 slaves (D:7)
  A killer bee (D:8)
  2 crimson imps
  An adder (D:5)
  An ufetubus (D:5)
  An adder zombie (D:6)
8 creatures vanquished.

Grand Total: 207 creatures vanquished

Notes
Turn   | Place    | Note
--------------------------------------------------------------
     0 | D:1      | Hedron, the Hill Orc Chaos Knight, began the quest for the Orb.
     0 | D:1      | Reached XP level 1. HP: 19/19 MP: 1/1
   137 | D:1      | XOM: harmless Conj miscast
   262 | D:1      | Reached XP level 2. HP: 21/26 MP: 2/2
   268 | D:1      | Reached skill level 5 in Axes
   602 | D:1      | XOM: harmless Erth miscast
   698 | D:1      | XOM: silly message
   764 | D:1      | Reached XP level 3. HP: 31/31 MP: 3/3
   977 | D:2      | Found a sacrificial altar of Ru.
   980 | D:2      | Found an opulent altar of Gozag.
  1127 | D:2      | XOM: silly message
  1272 | D:2      | Noticed Terence
  1274 | D:2      | Found a shattered altar of Ashenzari.
  1275 | D:2      | Found a basalt altar of Yredelemnul.
  1326 | D:2      | Noticed Robin
  1330 | D:2      | Reached skill level 6 in Axes
  1336 | D:2      | Killed Robin
  1336 | D:2      | Reached XP level 4. HP: 15/39 MP: 4/4
  1773 | D:2      | XOM: silly message
  1897 | D:2      | XOM: medium Air miscast
  2043 | D:2      | XOM: give mutations
  2043 | D:2      | Gained mutation: You are agile. (Dex +2) [Xom's grace]
  2043 | D:2      | Gained mutation: You are partially covered in thin metallic scales (AC +2). [Xom's grace]
  2504 | D:3      | XOM: butterfly on damage
  2524 | D:3      | Reached skill level 7 in Axes
  2524 | D:3      | Reached XP level 5. HP: 15/45 MP: 5/5
  2880 | D:3      | XOM: vitrification
  2914 | D:3      | Found a burning altar of Makhleb.
  3484 | D:3      | XOM: god gift: 2 silver tomahawks
  3599 | D:4      | Found a deep blue altar of Sif Muna.
  3663 | D:4      | XOM: give mutations
  3663 | D:4      | Gained mutation: Your mind is acute. (Int +2) [Xom's grace]
  3663 | D:4      | Gained mutation: You have sharp fingernails. [Xom's grace]
  3663 | D:4      | Gained mutation: You are partially covered in rugged brown scales (AC +1, +3% HP). [Xom's grace]
  3663 | D:4      | Gained mutation: You have very sharp fingernails. [Xom's grace]
  3684 | D:4      | Found Plorhon's Antique Armour Shop.
  3692 | D:4      | Bought a shimmering helmet for 199 gold pieces
  3702 | D:4      | Identified the cursed -5 helmet "Scheoff" {rF+ rC+ Str-3 Dex+7} (You bought it in a shop on level 4 of the Dungeon)
  3738 | D:4      | Reached skill level 8 in Axes
  4078 | D:4      | Found a shimmering altar of Xom.
  4089 | D:4      | Reached XP level 6. HP: 52/52 MP: 6/6
  4163 | D:4      | XOM: god gift: shiny helmet {god gift}
  4196 | D:4      | Noticed an ogre
  4204 | D:4      | Killed an ogre
  4204 | D:4      | Reached skill level 9 in Axes
  4213 | D:4      | XOM: vitrification
  4281 | D:4      | XOM: give mutation
  4281 | D:4      | Gained mutation: You passively map a small area around you. [Xom's grace]
  4412 | D:5      | Entered Level 5 of the Dungeon
  4435 | D:5      | XOM: god gift: glowing chain mail {god gift}
  4450 | D:5      | XOM: mild Air miscast
  4459 | D:5      | Noticed Natasha
  4467 | D:5      | Killed Natasha
  4483 | D:5      | Noticed a wraith
  4484 | D:5      | Noticed Natasha
  4495 | D:5      | Killed Natasha
  4533 | D:5      | XOM: confusion (+ monsters)
  4558 | D:5      | Killed a wraith
  4558 | D:5      | Reached skill level 10 in Axes
  4558 | D:5      | Reached XP level 7. HP: 35/58 MP: 7/7
  4666 | D:5      | XOM: medium Conj miscast
  4667 | D:5      | Noticed Eustachio
  4669 | D:5      | XOM: summons friendly ufetubus
  4684 | D:5      | Killed Eustachio
  4684 | D:5      | Reached skill level 11 in Axes
  4777 | D:5      | Noticed Gigax's ghost (experienced OpFi)
  4780 | D:5      | XOM: fog
  4813 | D:5      | XOM: summons 7 friendly demons
  4819 | D:5      | Killed Gigax's ghost
  4819 | D:5      | Reached skill level 13 in Axes
  4819 | D:5      | Reached XP level 8. HP: 32/65 MP: 8/8
  4952 | D:5      | XOM: 1-stop teleportation journey
  4956 | D:5      | XOM: cast spell 'Excruciating Wounds'
  4957 | D:5      | Noticed Blork the orc
  4966 | D:5      | XOM: summons 6 friendly demons
  4983 | D:5      | Killed Blork the orc
  5156 | D:5      | You fall through a shaft for 3 floors!
  5156 | D:8      | XOM: enchant monster (good)
  5161 | D:8      | XOM: destruction
  5174 | D:8      | Reached skill level 14 in Axes
  5212 | D:8      | Reached XP level 9. HP: 44/72 MP: 9/9
  5336 | D:8      | Found a deep blue altar of Sif Muna.
  5451 | D:6      | Found Thratt's Antique Armour Boutique.
  5506 | D:6      | Reached skill level 5 in Fighting
  5806 | D:5      | Noticed Natasha
  5814 | D:5      | XOM: summons friendly crimson imp
  5816 | D:5      | Killed Natasha
  5958 | D:4      | Bought a cloak for 94 gold pieces
  5966 | D:4      | XOM: divination: detect creatures
  5967 | D:4      | XOM: summons 8 friendly demons
  6263 | D:6      | Found a staircase to the Ecumenical Temple.
  6683 | D:6      | XOM: potion effect (curing)
  7125 | D:6      | XOM: harmless Necr miscast
  7365 | D:6      | Found an ancient bone altar of Kikubaaqudgha.
  7419 | D:6      | XOM: give mutations
  7419 | D:6      | Gained mutation: Your mind is very acute. (Int +4) [Xom's grace]
  7419 | D:6      | Gained mutation: You are partially covered in large bone plates (AC +2, SH +2). [Xom's grace]
  7617 | D:7      | Noticed Pikel
  7621 | D:7      | XOM: enchant monster (good)
  7627 | D:7      | XOM: divination: magic mapping
  7632 | D:7      | XOM: cast spell 'Dragon Form'
  7633 | D:7      | Killed Pikel
  7633 | D:7      | Reached skill level 10 in Fighting
  7633 | D:7      | Reached XP level 10. HP: 96/96 MP: 10/10
  7702 | D:7      | XOM: harmless Ice miscast
  7865 | D:7      | XOM: medium Divn miscast
  8285 | D:7      | XOM: enchant monster (bad)
  8550 | D:8      | Noticed a troll
  8550 | D:8      | XOM: summons 1 hostile demon
  8557 | D:8      | a troll changed into a soldier ant
  8586 | D:8      | Reached skill level 5 in Armour
  8629 | D:8      | XOM: severe Summ miscast
  8630 | D:8      | Noticed a Shadow Fiend
  8648 | D:8      | XOM: summons friendly white imp
  8663 | D:8      | Noticed an elephant
  8676 | D:8      | HP: 4/97 [elephant (3)]
  8677 | D:8      | HP: 1/97 [elephant (4)]
  8683 | D:8      | Killed from afar by an orc priest

Action                   |  1- 3 |  4- 6 |  7- 9 | 10-12 || total
-------------------------+-------+-------+-------+-------++-------
Melee: Hand axe          |    92 |   174 |   393 |   175 ||   834
       Unarmed           |       |       |     1 |     3 ||     4
  Use: Scroll            |     2 |     8 |     3 |     3 ||    16
       Potion            |     2 |     6 |     2 |       ||    10
 Stab: Paralysed         |     2 |     3 |     7 |    11 ||    23
       Confused          |     1 |     5 |     4 |       ||    10
       Petrifying        |     1 |       |     4 |     1 ||     6
       Distracted        |       |       |     1 |       ||     1
       Petrified         |       |       |     1 |     2 ||     3
  Eat: Chunk             |     1 |    10 |    11 |     3 ||    25
